 Dungeon Crawl Stone Soup version 0.28-a0-1143-gcf6077d4cc (webtiles) character file.

Game seed: 17774385399558048417

3261 SensoryNuts the Cudgeller (level 9, -1/73 (78) HPs)
             Began as a White Draconian Fighter on Dec 13, 2021.
             Incinerated by a deep elf pyromancer (3 damage)
             ... with a sticky flame
             ... on level 8 of the Dungeon.
             The game lasted 00:14:16 (10954 turns).

SensoryNuts the Cudgeller (DrFi)                   Turns: 10954, Time: 00:14:16

HP:   -1/73 (78)    AC: 11    Str: 22    XL:     9   Next: 68%
MP:   9/9           EV: 18    Int:  9    God:
Gold: 1140          SH: 10    Dex: 11    Spells: 8/8 levels left

rFire   . . .      SeeInvis .   t - +9 club (drain)
rCold   + . .      Faith    .   b - +1 buckler
rNeg    . . .      Spirit   .   (armour unavailable)
rPois   .          Reflect  .   (helmet restricted)
rElec   .          Harm     .   (no cloak)
rCorr   .          Rampage  .   (no gloves)
Will    .....                   (no boots)
Stlth   +.........              (no amulet)
HPRegen 0.22/turn               h - +4 ring of protection
MPRegen 0.11/turn               q - +4 ring of evasion

@: on fire, short of breath, glowing, drained
A: breathe frost, AC +7, unfitting armour, cold resistance 1, cold-blooded,
large bone plates 1
a: Breathe Frost


You were on level 8 of the Dungeon.
You visited 1 branch of the dungeon, and saw 9 of its levels.

You collected 1140 gold pieces.

Inventory:

Hand Weapons
 a - a +2 long sword of protection
 c - a +1 flail of protection
 t - a +9 club of draining (weapon)
 v - a +1 falchion of electrocution
Armour
 b - a +1 buckler (worn)
Jewellery
 d - an amulet of faith
 h - a +4 ring of protection (left hand)
 m - a +4 ring of slaying
 p - a ring of resist corrosion
 q - a +4 ring of evasion (right hand)
 u - a +4 ring of evasion
Wands
 f - a wand of acid (16)
 i - a wand of flame (26)
 j - a wand of charming (10)
 k - a wand of digging (5)
Scrolls
 l - 3 scrolls of identify
 r - a scroll of silence
 x - 2 scrolls of fog
Potions
 e - 5 potions of flight
 g - 3 potions of cancellation
 o - a potion of magic
 s - a potion of attraction


   Skills:
 + Level 6.6 Fighting
 - Level 5.7 Long Blades
 * Level 7.9 Maces & Flails
 + Level 6.1 Dodging
 + Level 2.5 Stealth
 + Level 5.6 Shields


You had 8 spell levels left.
You didn't know any spells.
Your spell library contained the following spells:

 Spells                   Type           Power      Damage    Failure   Level
 Beastly Appendage        Tmut           0%         N/A       38%         1
 Magic Dart               Conj           0%         1d3       38%         1
 Shock                    Conj/Air       0%         1d3       38%         1
 Summon Small Mammal      Summ           0%         N/A       38%         1
 Call Imp                 Summ           0%         N/A       52%         2
 Wereblood                Tmut           0%         N/A       52%         2
 Call Canine Familiar     Summ           0%         N/A       77%         3
 Mephitic Cloud           Conj/Pois/Air  0%         N/A       77%         3
 Spider Form              Tmut/Pois      0%         N/A       77%         3
 Summon Guardian Golem    Hex/Summ       0%         N/A       77%         3
 Swiftness                Air            0%         N/A       77%         3
 Airstrike                Air            0%         N/A       99%         4


Dungeon Overview and Level Annotations

Branches:
Dungeon (9/15)             Temple (0/1) D:6
   Lair: D:8-11         Orc: D:9-12

Altars:
Dithmenos
Kikubaaqudgha
Okawaru
Qazlal
Sif Muna

Shops:
D:6 =


Innate Abilities, Weirdness & Mutations

You can breathe waves of freezing cold which knock back foes.
Your icy white scales are hard. (AC +7)
You cannot fit into any form of body armour.
Your flesh is cold resistant. (rC+)
You are cold-blooded and may be slowed by cold attacks.
You are partially covered in large bone plates. (SH +4)


Message History

The deep elf pyromancer is heavily wounded.
The fire elemental disappears in a puff of smoke!
The fire elemental hits you. The fire elemental burns you!
The fire elemental hits you. The fire elemental burns you!
The fire elemental barely misses you.
You block the deep elf pyromancer's attack.
You closely miss the deep elf pyromancer.
The deep elf pyromancer is heavily wounded.
The fire elemental hits you. The fire elemental burns you!
The fire elemental barely misses you. You block the fire elemental's attack.
The fire elemental misses you.
The deep elf pyromancer casts a spell at you.
The sticky flame hits you!
You are covered in liquid flames!
* * * LOW HITPOINT WARNING * * *
You hit the deep elf pyromancer but do no damage.
You drain the deep elf pyromancer.
The deep elf pyromancer is heavily wounded.
You are covered in liquid flames!
* * * LOW HITPOINT WARNING * * *
You block the fire elemental's attack. The fire elemental misses you.
You block the fire elemental's attack.
The deep elf pyromancer hits you with a +0 rapier.
* * * LOW HITPOINT WARNING * * *
You completely miss the deep elf pyromancer.
The deep elf pyromancer is heavily wounded.
You are covered in liquid flames!
* * * LOW HITPOINT WARNING * * *
You block the fire elemental's attack. The fire elemental barely misses you.
The fire elemental closely misses you.
You hit the deep elf pyromancer. You drain the deep elf pyromancer.
Your tail-slap misses the deep elf pyromancer.
The deep elf pyromancer is severely wounded.
You are covered in liquid flames!
* * * LOW HITPOINT WARNING * * *
You block the fire elemental's attack. The fire elemental misses you.
You block the deep elf pyromancer's attack.
The fire elemental closely misses you. You block the fire elemental's attack.
You are covered in liquid flames!
You die...

#.# #...#.# ### #.#
#<..(.# ..# #.####.#####
#.# #.##...#####
#.#######....#.....#
#.##....##.......#.#
..##.##.##.#.......#
..##..#....#....#.E####
.........(......@>E...#
..#.#....#'#.####eE##.#
.)...##......# #.....#
#.....#.....## #.########
#...........#####........#
#.......##.......####.##.#
#.......########.####.#..#
#.......# #####((.......#
........# #........##..##


You could see a deep elf pyromancer (drained) and 3 fire elementals.

Vanquished Creatures
  A deep troll (D:9)
  A kobold demonologist (D:9)
  A shadow (D:7)
  Menkaure (D:4)
  Duvessa (D:7)
  A water moccasin (D:5)
  A black bear (D:6)
  An orc warrior (D:8)
  An ogre (D:3)
  2 centaurs (D:7)
  2 kobold brigands
  A gnoll sergeant (D:7)
  2 scorpions (D:5)
  Dowan (D:7)
  A water moccasin skeleton (D:5)
  4 howler monkeys (D:8)
  2 centaur zombies
  3 hounds
  6 orc priests
  A gnoll shaman (D:7)
  A bullfrog skeleton (D:4)
  A centaur skeleton (D:6)
  3 iguanas
  Ijyb (D:5)
  4 orc wizards
  A howler monkey zombie (D:8)
  10 adders
  13 gnolls
  A shadow imp (D:5)
  3 white imps
  An adder skeleton (D:5)
  A worm (D:2)
  A dart slug (D:1)
  24 orcs
  4 endoplasms
  7 giant cockroaches
  8 goblins
  7 hobgoblins
  2 jackals (D:2)
  10 kobolds
  5 quokkas
  9 ball pythons
  5 bats
  2 frilled lizards
  7 rats
165 creatures vanquished.

Vanquished Creatures (others)
  An orc priest (D:5)
  2 orc wizards (D:5)
  An orc (D:5)
4 creatures vanquished.

Grand Total: 169 creatures vanquished

Notes
Turn   | Place    | Note
-------+----------+-------------------------------------------
     0 | D:1      | SensoryNuts the Draconian Fighter began the quest for the
                  | Orb.
     0 | D:1      | Reached XP level 1. HP: 19/19 MP: 1/1
   368 | D:1      | Found a faded altar of an unknown god.
   374 | D:1      | Reached XP level 2. HP: 22/26 MP: 2/2
  1129 | D:2      | Reached XP level 3. HP: 30/33 MP: 3/3
  1446 | D:2      | Found an iron altar of Okawaru.
  1512 | D:2      | Reached XP level 4. HP: 30/40 MP: 4/4
  2509 | D:3      | Noticed an ogre
  2516 | D:3      | Killed an ogre
  2517 | D:3      | Reached XP level 5. HP: 33/46 MP: 5/5
  3101 | D:3      | Found an ancient bone altar of Kikubaaqudgha.
  3102 | D:3      | Found a stormy altar of Qazlal.
  3103 | D:3      | Found a shimmering blue altar of Sif Muna.
  3104 | D:3      | Found a shadowy altar of Dithmenos.
  3234 | D:3      | Reached skill level 1 in Maces & Flails
  3886 | D:4      | Reached XP level 6. HP: 53/53 MP: 6/6
  4001 | D:4      | Noticed Menkaure
  4009 | D:4      | Killed Menkaure
  4010 | D:4      | Reached skill level 2 in Maces & Flails
  4034 | D:4      | Reached skill level 3 in Maces & Flails
  5052 | D:5      | Entered Level 5 of the Dungeon
  5121 | D:5      | Your scales start taking on an icy white colour.
  5121 | D:5      | Reached XP level 7. HP: 60/60 MP: 7/7
  5121 | D:5      | Gained mutation: Your flesh is cold resistant. (rC+) [White
                  | Draconian growth]
  5149 | D:5      | Reached skill level 5 in Fighting
  5149 | D:5      | Reached skill level 1 in Stealth
  5297 | D:5      | Reached skill level 5 in Long Blades
  5463 | D:5      | Noticed Ijyb
  5476 | D:5      | Killed Ijyb
  7050 | D:6      | Found a staircase to the Ecumenical Temple.
  7209 | D:6      | Reached XP level 8. HP: 63/69 MP: 8/8
  7294 | D:6      | Reached skill level 4 in Maces & Flails
  7396 | D:6      | Found Ytirunon's Jewellery Shop.
  8009 | D:7      | Noticed Duvessa
  8010 | D:7      | Noticed Dowan
  8026 | D:7      | Killed Duvessa
  8051 | D:7      | Killed Dowan
  8052 | D:7      | Reached skill level 5 in Maces & Flails
  8387 | D:7      | Reached skill level 5 in Dodging
  8842 | D:7      | Reached skill level 6 in Maces & Flails
  9184 | D:7      | Reached XP level 9. HP: 69/75 MP: 9/9
  9185 | D:7      | Gained mutation: You are partially covered in large bone
                  | plates. (SH +4) [potion of mutation]
  9502 | D:8      | Identified a scroll of acquirement
  9503 | D:8      | Acquired 717 gold pieces
  9838 | D:8      | Reached skill level 7 in Maces & Flails
 10021 | D:9      | Noticed a deep troll
 10024 | D:9      | Noticed a kobold demonologist
 10040 | D:9      | Killed a deep troll
 10041 | D:9      | Reached skill level 5 in Shields
 10047 | D:9      | Killed a kobold demonologist
 10113 | D:9      | Noticed a deep elf pyromancer
 10114 | D:9      | Identified the amulet "Umenuun" {rF++ Regen+ Int-3}
 10114 | D:9      | Noticed an orc sorcerer
 10953 | D:8      | HP: 2/73 [burnt (4)]
 10954 | D:8      | Incinerated by a deep elf pyromancer

Illustrated notes

Levels and vault maps discovered:
D:1:      nicolae_arrival_somewhat_less_tricky_arrival, layout_basic,
          ebering_ecumenical_altar_abandoned, hex_intersection
D:2:      layout_basic, basic_altar, minmay_tetromino_o4
D:3:      minmay_diamond_boxcup, layout_basic, mainiacjoe_overflow_alcove_3
D:4:      layout_layer_cave, uniq_menkaure
D:5:      layout_basic, supply_closet_lemuel, lemuel_flamethrower_2, uniq_ijyb
D:6:      layout_basic, minmay_temple_entry_overgrown, serial_shops, shop
D:7:      layout_loops_cross, kennysheep_generic_room_9, uniq_duvessa
D:8:      layout_basic
D:9:      layout_loops_ring, erik_orc_3, minmay_the_grid_2x2
          [minmay_the_grid_eight, minmay_the_grid_tri_star,
          minmay_the_grid_outer_diamond, minmay_the_grid_prize_diamond_cup],
          uniq_maurice

Skill      XL: |  1  2  3  4  5  6  7  8  9 |
---------------+----------------------------+-----
Dodging        | 3 4 5 6 |  6.1
Long Blades    | 3 4 5 |  5.7
Fighting       | 4 5 6 |  6.6
Maces & Flails | 1 3 6 7 |  7.9
Stealth        | 1 2 |  2.5
Shields        | 4 5 |  5.6

Action                   |  1- 3 |  4- 6 |  7- 9 || total
-------------------------+-------+-------+-------++-------
Melee: Long sword        |    90 |    50 |    86 ||   226
       Tailslap          |    14 |    17 |    46 ||    77
       Flail             |       |   107 |       ||   107
       Club              |       |       |   278 ||   278
 Abil: Breathe Frost     |       |       |     2 ||     2
  Use: Potion            |     3 |     5 |     8 ||    16
       Scroll            |     3 |     5 |    10 ||    18
 Stab: Sleeping          |       |     1 |     1 ||     2
Armor: Skin              |    37 |    51 |   117 ||   205
Dodge: Dodged            |    52 |    93 |   254 ||   399
Block: Buckler           |    17 |    26 |   143 ||   186

Table legend: (Time is in decaauts)
 A = Elapsed time spent in this place.
 B = Non-inter-level travel time spent in this place.
 C = Inter-level travel time spent in this place.
 D = Time resting spent in this place.
 E = Time spent auto-exploring this place.
 F = Levels seen in this place.
 G = Mean time per level.
                   A        B        C        D        E       F      G
               +--------+--------+--------+--------+--------+-----+--------+
         Total |  11042 |  10756 |    286 |   1626 |   7580 |   9 | 1226.9 |
       Dungeon |  11042 |  10756 |    286 |   1626 |   7580 |   9 | 1226.9 |
               +--------+--------+--------+--------+--------+-----+--------+

Top non-repeatable levels by time:
     D:8: 1817 daAuts
     D:5: 1769 daAuts
     D:4: 1502 daAuts
     D:3: 1342 daAuts
     D:1: 1148 daAuts
     D:2: 1142 daAuts
     D:6: 1113 daAuts
     D:7: 1087 daAuts
     D:9: 119 daAuts
